 Dungeon Crawl Stone Soup version 0.30.1-11-g7821555f0a (webtiles) character file.

Game seed: 1060393660415889486

277 Okkudo the Cleaver (level 6, -5/51 HPs)
             Began as a Hill Orc Monk on Dec 8, 2023.
             Was a Believer of Beogh.
             Killed from afar by Ijyb (10 damage)
             ... with a puff of flame
             ... on level 3 of the Dungeon.
             The game lasted 00:04:39 (1528 turns).

Okkudo the Cleaver (Hill Orc Monk)                  Turns: 1528, Time: 00:04:40

Health: -5/51      AC: 11    Str: 16    XL:     6   Next: 26%
Magic:  6/6        EV:  5    Int: 10    God:    Beogh [**....]
Gold:   111        SH:  0    Dex: 13    Spells: 5/5 levels left

rFire   . . .        a - +0 hand axe
rCold   . . .        d - orb {light}
rNeg    . . .        p - +1 plate armour
rPois   .            (no helmet)
rElec   .            (no cloak)
rCorr   .            (no gloves)
SInv    .            (no boots)
Will    .....        (no amulet) Stlth
                     (no ring)
HPRegen 0.28/turn    (no ring)
MPRegen 0.10/turn

%: no passive effects
@: glowing
A: no striking features
a: Renounce Religion, Smiting


You were on level 3 of the Dungeon.
You worshipped Beogh.
Beogh was pleased with you.
You visited 1 branch of the dungeon, and saw 3 of its levels.

You collected 111 gold pieces.

Inventory:

Hand Weapons
 a - a +0 hand axe (weapon)
 c - a +0 scythe
Armour
 d - an orb of light (worn)
 p - a +1 plate armour (worn)
Scrolls
 f - a scroll of identify {unknown}
 g - a scroll of noise {unknown}
 l - a scroll of vulnerability {unknown}
 n - a scroll of torment {unknown}
 o - a scroll of summoning {unknown}
Potions
 b - a potion of curing {unknown}
 i - a potion of mutation {unknown}
 j - 2 potions of attraction {unknown}
 k - a potion of haste {unknown}


   Skills:
 - Level 3.6 Fighting
 * Level 8.9 Axes
 + Level 0.4 Armour
 - Level 2.4 Dodging


You had 5 spell levels left.
You didn't know any spells.
Your spell library was empty.

Dungeon Overview and Level Annotations

Branches:
Dungeon (3/15)

Altars:
Cheibriados
Gozag
Nemelex Xobeh
Qazlal
Ru

Annotations:
D:3 Ijyb


Message History

Ijyb zaps a wand.
The puff of flame hits you.
You hit Ijyb but do no damage.
Ijyb is lightly wounded.
You hit Ijyb but do no damage.
Ijyb is lightly wounded.
Ijyb hits you with a +0 dagger.
You hit Ijyb but do no damage.
Ijyb is lightly wounded.
Ijyb completely misses you.
You hit Ijyb but do no damage.
Ijyb is lightly wounded.
Ijyb zaps a wand.
The puff of flame hits you!
You barely miss Ijyb.
Ijyb is lightly wounded.
Ijyb hits you with a +0 dagger.
Items here: )) [[.
Ijyb attacks as you move away! Ijyb hits you but does no damage.
The orc priest mumbles some strange prayers to Beogh against you.
Beogh smites you!
* * * LOW HITPOINT WARNING * * *
Ijyb attacks as you move away! Ijyb barely misses you.
Ijyb attacks as you move away! Ijyb hits you but does no damage.
Ijyb zaps a wand.
The puff of flame hits you.
* * * LOW HITPOINT WARNING * * *
The orc priest invokes the aid of Beogh against you.
Pain shoots through your body!
* * * LOW HITPOINT WARNING * * *
The orc priest looks braver for a moment.
You feel much better.
Ijyb zaps a wand.
The puff of flame hits you!
Ijyb zaps a wand.
The puff of flame hits you!
* * * LOW HITPOINT WARNING * * *
As you read the scroll labelled ELONWU IMALE, it crumbles to dust.
It is a scroll of enchant armour.
Your +0 plate armour glows green for a moment.
Ijyb zaps a wand.
The puff of flame hits you.
* * * LOW HITPOINT WARNING * * *
Ijyb zaps a wand.
The puff of flame hits you!
* * * LOW HITPOINT WARNING * * *
Ijyb zaps a wand.
The puff of flame hits you!
You die...

##_⌠_8# #.....# ###..###
#⌠....8# ###[.### #......#
♣♣♣♣♣## ###..### ♣♣♣♣♣
♣♣.....####_...._# ♣...♣♣♣♣
♣♣♣....@...####..###
.♣♣S...♣♣♣Sg♣♣♣♣♣##.##_.....#
♣♣♣♣♣♣o.o.♣♣♣ #...##8..8##
♣♣♣♣♣♣ ####.#....# ##
#.#>##.# #####.. #.#.##.# ###
###....## #......# #.##
##.<.....## ##.#.####
...####.........####....#####


You could see Ijyb and a ball python.

Vanquished Creatures
  Sigmund (D:2)
  An orc wizard (D:3)
  3 adders
  3 dart slugs
  2 orcs (D:3)
  4 ball pythons
  10 endoplasms
  A giant cockroach (D:2)
  6 goblins
  4 hobgoblins
  3 jackals (D:1)
  5 kobolds
  4 quokkas
  3 bats
  2 frilled lizards (D:1)
  5 rats
57 creatures vanquished.

Vanquished Creatures (others)
  An orc priest (D:3)
  An orc (D:3)
  A kobold (D:3)
3 creatures vanquished.

Grand Total: 60 creatures vanquished

Notes
Turn   | Place    | Note
-------+----------+-------------------------------------------
     0 | D:1      | Okkudo the Hill Orc Monk began the quest for the Orb.
     0 | D:1      | Reached XP level 1. HP: 19/19 MP: 1/1
    91 | D:1      | Reached XP level 2. HP: 18/26 MP: 2/2
   232 | D:1      | Reached skill level 5 in Axes
   484 | D:1      | Reached XP level 3. HP: 27/31 MP: 3/3
   858 | D:2      | Reached skill level 6 in Axes
   958 | D:2      | Reached XP level 4. HP: 39/39 MP: 4/4
  1180 | D:2      | Noticed Sigmund
  1209 | D:2      | Killed Sigmund
  1210 | D:2      | Reached skill level 8 in Axes
  1210 | D:2      | Reached XP level 5. HP: 33/45 MP: 5/5
  1210 | D:2      | Reached XP level 6. HP: 37/51 MP: 6/6
  1385 | D:3      | Became a worshipper of Beogh the Brigand
  1385 | D:3      | Reached * piety under Beogh
  1385 | D:3      | Reached ** piety under Beogh
  1398 | D:3      | Found an opulent altar of Gozag.
  1405 | D:3      | Found a snail-covered altar of Cheibriados.
  1406 | D:3      | Found a stormy altar of Qazlal.
  1407 | D:3      | Found a sacrificial altar of Ru.
  1407 | D:3      | Found a sparkling altar of Nemelex Xobeh.
  1478 | D:3      | Noticed Ijyb
  1528 | D:3      | Killed from afar by Ijyb

Illustrated notes

Levels and vault maps discovered:
D:1:      dpeg_arrival_solitude, layout_loops_ring
D:2:      layout_rooms, uniq_sigmund
D:3:      kb_forest_paths, layout_loops_corners, minitemple, minivault_4,
          uniq_ijyb

Skill      XL: |  1  2  3  4 |
---------------+-------------+-----
Axes           | 5 6 8 |  8.9
Fighting       | |  3.6
Armour         | |  0.4
Dodging        | |  2.4

Action                     |  1- 3 |  4- 6 || total
---------------------------+-------+-------++-------
  Melee: Hand axe          |   102 |    84 ||   186
 Invoke: Convert to Beogh  |       |     1 ||     1
    Use: Potion            |       |     2 ||     2
         Scroll            |       |     1 ||     1
 Armour: Robe              |     8 |       ||     8
         Chain mail        |    36 |    23 ||    59
         Plate armour      |       |    11 ||    11
  Dodge: Dodged            |    40 |    34 ||    74
